 Dungeon Crawl Stone Soup version 0.25-b1-23-ge2ad7d536c (webtiles) character file.

Game seed: 17610309720077991276, levelgen mode: deterministic

129537 funkygono the Peltast (level 16, -1/146 HPs)
             Began as a Minotaur Fighter on June 2, 2020.
             Was a High Priest of Okawaru.
             Slain by Saint Roka
             ... wielding a +1 long sword
              (25 damage)
             ... on level 2 of the Orcish Mines.
             The game lasted 01:30:27 (25941 turns).

funkygono the Peltast (Minotaur Fighter)           Turns: 25941, Time: 01:30:28

Health: -1/146     AC: 18    Str: 32    XL:     16   Next: 50%
Magic:  9/9        EV: 21    Int:  8    God:    Okawaru [*****.]
Gold:   2524       SH: 21    Dex: 19    Spells: 15/15 levels left

rFire    + + .     SeeInvis +   O - +9 flail (vorpal)
rCold    + . .     Gourm    .   z - +2 shield of Resistance {rF+ rC+ MR+}
rNeg     . . .     Faith    .   W - +1 leather armour "Tuytir" {rF+}
rPois    +         Spirit   .   E - +1 hat {SInv}
rElec    .         Reflect  .   y - +2 cloak {rPois}
rCorr    .         Harm     .   g - +2 pair of gloves
MR       +++..                  v - +2 pair of boots
Stlth    ++++......             L - amulet of Xom's Bemusement {Acrobat MP-9 Int+3 Dex+7 Stlth+}
HPRegen  0.34/turn              J - ring of protection from magic
MPRegen  0.11/turn              T - +6 ring of strength

@: heroism, lightly drained
A: retaliatory headbutt, horns 2, low mp 1, screaming 1
a: Heroism, Finesse, Renounce Religion


You were on level 2 of the Orcish Mines.
You worshipped Okawaru.
Okawaru was extremely pleased with you.
You were not hungry.

You visited 4 branches of the dungeon, and saw 24 of its levels.
You visited the Abyss 1 time.
You also visited: Gauntlet and Ice Cave.

You collected 2524 gold pieces.

Inventory:

Hand Weapons
 q - the +2 arbalest of Stickiness {venom, Str+4 Int+4 Dex-2}
   (Okawaru gifted it to you on level 1 of the Lair of Beasts)

   It poisons the ammo it fires.
   It affects your strength (+4).
   It affects your intelligence (+4).
   It affects your dexterity (-2).
 O - a +9 vorpal flail (weapon)
Missiles
 N - 139 bolts
Armour
 g - a +2 pair of gloves (worn)
 v - a +2 pair of boots (worn)
 y - a +2 cloak of poison resistance (worn)
 z - the +2 shield of Resistance (worn) {rF+ rC+ MR+}
   (You found it on level 5 of the Dungeon)

   It protects you from fire.
   It protects you from cold.
   It affects your resistance to hostile enchantments.
 E - a +1 hat of see invisible (worn)
 R - a +4 crystal plate armour
 W - the +1 leather armour "Tuytir" (worn) {rF+}
   (You found it on level 15 of the Dungeon)

   It protects you from fire.
Jewellery
 e - an uncursed ring of protection from fire
 G - an uncursed ring of protection from cold
 H - an uncursed ring of flight
 J - a ring of protection from magic (left hand)
 L - the amulet of Xom's Bemusement (around neck) {Acrobat MP-9 Int+3 Dex+7 Stlth+}
   (You found it on level 14 of the Dungeon)

   [amulet of the acrobat]

   It helps you evade while moving and waiting.
   It affects your intelligence (+3).
   It affects your dexterity (+7).
   It affects your magic capacity (-9).
   It makes you more stealthy.
 M - an uncursed ring of protection from cold
 P - an uncursed ring of positive energy
 S - an uncursed ring of ice
 T - a +6 ring of strength (right hand)
Wands
 s - a wand of iceblast (11)
 A - a wand of acid (14)
 F - a wand of digging (10)
 K - a wand of polymorph (4)
 U - a wand of paralysis (24)
 Y - a wand of disintegration (5)
Scrolls
 a - 20 scrolls of remove curse
 c - a scroll of summoning
 j - 8 scrolls of magic mapping
 k - 16 scrolls of teleportation
 B - 4 scrolls of fog
 D - 3 scrolls of blinking
 I - 2 scrolls of amnesia
 X - a scroll of identify
 Z - 2 scrolls of fear
Potions
 b - 9 potions of curing
 d - 4 potions of might
 h - 2 potions of berserk rage
 i - 3 potions of mutation
 l - 5 potions of cancellation
 m - 2 potions of invisibility
 n - a potion of resistance
 o - 4 potions of haste
 t - a potion of heal wounds
 u - 4 potions of stabbing
 w - a potion of lignification
 x - 3 potions of flight
Miscellaneous
 Q - a box of beasts
 V - a lightning rod (4/4)
Comestibles
 f - 50 rations
 p - 3 chunks of flesh


   Skills:
 + Level 14.0(18.5) Fighting
 + Level 16.8(21.2) Maces & Flails
 + Level 12.1(16.6) Armour
 + Level 6.7(11.3) Dodging
 + Level 2.0(6.6) Stealth
 + Level 20.4(24.8) Shields
 + Level 7.3(6.9) Invocations
 + Level 5.8(5.4) Evocations


You had 15 spell levels left.
You didn't know any spells.
Your spell library contained the following spells:

 Spells                   Type           Power        Failure   Level  Hunger
 Animate Skeleton         Necr           N/A          43%         1    ##.....
 Apportation              Tloc           #.....       43%         1    ##.....
 Corona                   Hex            #......      43%         1    ##.....
 Freeze                   Ice            #...         43%         1    ##.....
 Sandblast                Erth           #.....       43%         1    ##.....
 Summon Small Mammal      Summ           #...         43%         1    ##.....
 Confusing Touch          Hex            #.......     80%         3    ####...
 Frozen Ramparts          Ice            #.....       80%         3    ####...
 Gell's Gravitas          Tloc           #.........   80%         3    ####...
 Cause Fear               Hex            #.........   99%         4    #####..
 Hailstorm                Conj/Ice       #.......     99%         4    #####..
 Ice Form                 Ice/Tmut       #.......     99%         4    #####..
 Petrify                  Tmut/Erth      #.......     99%         4    #####..
 Aura of Abjuration       Summ           #.........   100%        5    ######.
 Metabolic Englaciation   Hex/Ice        #.........   100%        5    ######.
 Silence                  Hex/Air        #.........   100%        5    ######.
 Summon Forest            Summ/Tloc      #.........   100%        5    ######.
 Yara's Violent Unravell  Hex/Tmut       #.........   100%        5    ######.
 Freezing Cloud           Conj/Ice/Air   #.........   100%        6    #######
 Ozocubu's Refrigeration  Ice            #.........   100%        6    #######
 Simulacrum               Ice/Necr       #.........   100%        6    #######
 Spellforged Servitor     Conj/Summ      #.........   100%        7    #######
 Discord                  Hex            #.........   100%        8    #######


Dungeon Overview and Level Annotations

Branches:
Dungeon (15/15)            Temple (1/1) D:4            Lair (6/6) D:9
 Shoals (0/4) Lair:4       Spider (0/4) Lair:2        Slime (0/5) Lair:6
    Orc (2/2) D:11         Vaults (0/5) D:13         Depths (0/5) D:15
  IceCv (visited)         Gauntlet (visited)
    Elf: Orc:2

Altars:
Ashenzari
Dithmenos
Elyvilon
Fedhas
Gozag
Hepliaklqana
Kikubaaqudgha
Makhleb
Nemelex Xobeh
Okawaru
Qazlal
Ru
Sif Muna
Trog
Uskayaw
Vehumet
Wu Jian
Xom
Yredelemnul
Zin

Shops:
D:4 ??*   D:5 :   D:6 !   D:14 :

Annotations:
D:14 8 runed translucent doors
Orc:2 Saint Roka


Innate Abilities, Weirdness & Mutations

You reflexively headbutt those who attack you in melee.
You have a pair of horns on your head.
Your magical capacity is low. (-10% MP)
You occasionally shout uncontrollably at your foes.


Message History

Saint Roka is heavily wounded.
Saint Roka hits you with a +1 long sword!!
* * * LOW HITPOINT WARNING * * *
You block the warg's attack. You block the orc's attack.
Unknown command.
You feel much better. You block the warg's attack.
You block Saint Roka's attack. You block the orc's attack.
You hit Saint Roka but do no damage.
You headbutt Saint Roka, but do no damage.
Saint Roka is heavily wounded.
You block the warg's attack. You block the orc's attack.
You sock Saint Roka!
You headbutt Saint Roka, but do no damage.
Saint Roka is heavily wounded.
You block the warg's attack. You block Saint Roka's attack.
You bludgeon Saint Roka!!
Saint Roka is severely wounded.
The warg completely misses you. You block the orc's attack.
Saint Roka hits you with a +1 long sword!!
You die...

## ####.##
##.....###
##........##
#..........#
....$†h)).##
......o@)..#
.....o)[<.##
....##..........
... ##.........
. ..........
......$....
.....#.#....
.....####....
...... #..


You could see Saint Roka, a warg and an orc (strong).

Vanquished Creatures
  A frost giant (IceCv)
  2 ghouls (D:13)
  An orc warlord (D:15)
  The ghost of Uvinaotu the Blocker, a journeyman MiFi of the Shining One (D:15)
  2 minotaurs
  Snorg (Lair:4)
  A merfolk impaler (D:15)
  The ghost of Nebesus the Blocker, a journeyman GrFi of the Shining One (Lair:3)
  2 merfolk javelineers (D:15)
  Josephine (D:10)
  A death ooze (Gauntlet)
  2 fire dragons (Lair:6)
  Harold (D:10)
  Fannar (Lair:2)
  4 vault guards (D:13)
  A rakshasa (D:14)
  7 hydras
  2 centaur warriors
  A naga warrior (D:15)
  4 two-headed ogres
  4 death yaks
  A death knight (D:11)
  An ogre mage (D:15)
  2 tengu warriors
  Urug (D:10)
  9 skeletal warriors
  Sonja (D:10)
  4 unseen horrors
  An obsidian statue (D:14)
  A wizard (D:14)
  A deep elf archer (D:15)
  Pikel (D:9)
  A swamp dragon (Lair:6)
  2 orc knights
  2 lindwurms (Lair:6)
  An orc sorcerer (Orc:2)
  A deep elf mage (D:14)
  An oklob plant (Lair:2)
  A wolf spider (Lair:2)
  5 cyclopes
  13 ugly things
  3 manticores
  3 black mambas
  An ice statue (IceCv)
  Maurice (D:8)
  7 elephants
  6 torpor snails
  A merfolk siren (Lair:4)
  A smoke demon (D:14)
  2 centaur skeletons
  3 gargoyles
  13 spiny frogs
  A freezing wraith (D:11)
  8 komodo dragons
  6 kobold demonologists
  7 rime drakes
  3 yaktaurs (D:14)
  2 tengu conjurers (Gauntlet)
  A merfolk (Lair:4)
  A jumping spider (shapeshifter) (D:14)
  3 meliai (Lair:4)
  10 hornets
  14 polar bears
  A red devil (D:14)
  5 trolls
  A jumping spider (Lair:2)
  3 tyrant leeches (Lair:6)
  A queen bee (Lair:4)
  21 slime creatures
  15 blink frogs
  Prince Ribbit (D:8)
  5 dream sheep (Lair:4)
  9 hippogriffs
  2 redbacks (Lair:2)
  A spriggan (D:14)
  9 flying skulls (Gauntlet)
  4 wraiths
  60 yaks
  Sigmund (D:7)
  A basilisk (shapeshifter) (D:15)
  2 shadows
  3 fire bats (Lair:3)
  6 wyverns
  Eustachio (D:4)
  7 basilisks
  A steam dragon (Lair:6)
  3 hungry ghosts
  2 soldier ants
  4 vampire mosquitoes (D:15)
  A warg (shapeshifter) (D:15)
  Edmund (D:4)
  7 wargs
  Menkaure (D:4)
  18 water moccasins
  An acid dragon (Lair:6)
  7 porcupines
  2 swamp drakes (Lair:6)
  27 orc warriors
  A phantom (D:6)
  5 sky beasts
  3 hornet zombies
  3 ice beasts
  12 ogres
  A black bear (D:11)
  23 wolves
  An eye of draining (Lair:4)
  A necrophage (D:14)
  5 boggarts (D:15)
  17 centaurs
  9 crocodiles
  6 big kobolds
  20 bullfrogs
  A big kobold (shapeshifter) (D:15)
  2 wyvern zombies
  A water moccasin zombie (D:11)
  A wyvern skeleton (D:13)
  3 scorpions
  30 killer bees
  11 wights
  2 vampire bats (D:8)
  3 electric eels
  5 howler monkeys
  8 crimson imps
  2 quasits
  8 centaur zombies
  6 bullfrog zombies
  7 hounds
  Crazy Yiuf (D:4)
  19 orc priests
  3 bullfrog skeletons
  An iron imp (D:14)
  16 orc wizards
  8 iguanas
  8 worker ants
  7 hell rats (Lair:4)
  A hound zombie (D:10)
  A hound skeleton (D:8)
  2 worker ant zombies
  8 gnolls
  14 adders
  A shadow imp (D:10)
  2 oozes
  2 worms
  2 adder skeletons
  3 dart slugs
  4 leopard geckos
  90 orcs
  2 ball pythons
  4 bat skeletons (D:8)
  2 bat zombies (D:8)
  3 giant cockroaches
  10 goblins
  6 hobgoblins
  7 jackals
  4 quokkas
  5 bats
  3 frilled lizards
  A jackal skeleton (D:4)
  23 kobolds
  A quokka skeleton (D:8)
  9 rats
  3 plants
895 creatures vanquished.

Vanquished Creatures (collateral kills)
  A bullfrog (Lair:3)
1 creature vanquished.

Vanquished Creatures (others)
  A crimson imp (D:14)
  A shadow imp (D:14)
  2 white imps (D:14)
  A bush (Lair:4)
  7 fungi
  9 plants
  12 withered plants (Gauntlet)
33 creatures vanquished.

Grand Total: 929 creatures vanquished

Notes
Turn   | Place    | Note
-------+----------+-------------------------------------------
     0 | D:1      | funkygono the Minotaur Fighter began the quest for the Orb.
     0 | D:1      | Reached XP level 1. HP: 19/19 MP: 0/0
   184 | D:1      | Reached XP level 2. HP: 27/27 MP: 1/1
   256 | D:1      | Reached skill level 4 in Shields
   516 | D:1      | Reached XP level 3. HP: 33/33 MP: 2/2
   726 | D:2      | Found a stormy altar of Qazlal.
   726 | D:2      | Noticed a water elemental
   728 | D:2      | Noticed a fire elemental
   728 | D:2      | Noticed an earth elemental
   728 | D:2      | Noticed an air elemental
  1032 | D:2      | Reached XP level 4. HP: 40/40 MP: 3/3
  1609 | D:3      | Reached XP level 5. HP: 45/47 MP: 4/4
  1748 | D:3      | Found a bloodstained altar of Trog.
  1748 | D:3      | Found a blossoming altar of Fedhas.
  1828 | D:3      | Found a shattered altar of Ashenzari.
  2035 | D:3      | Found a faded altar of an unknown god.
  2283 | D:4      | Noticed Menkaure
  2289 | D:4      | Killed Menkaure
  2289 | D:4      | Reached skill level 5 in Maces & Flails
  2289 | D:4      | Reached XP level 6. HP: 55/55 MP: 5/5
  2354 | D:4      | Noticed Eustachio
  2440 | D:4      | Killed Eustachio
  2440 | D:4      | Reached skill level 5 in Fighting
  2440 | D:4      | Reached skill level 5 in Armour
  2440 | D:4      | Reached skill level 5 in Shields
  2483 | D:4      | Found an ornate altar of the Wu Jian Council.
  2488 | D:4      | Found Fieror Niolo's Assorted Antiques.
  2497 | D:4      | Noticed Edmund
  2498 | D:4      | Found Lupac's Magic Scroll Boutique.
  2517 | D:4      | Killed Edmund
  2517 | D:4      | Reached XP level 7. HP: 49/61 MP: 6/6
  2589 | D:4      | Found Leps's Magic Scroll Boutique.
  2648 | D:4      | Reached skill level 6 in Shields
  2781 | D:4      | Found a staircase to the Ecumenical Temple.
  2871 | Temple   | Entered the Ecumenical Temple
  2901 | Temple   | Became a worshipper of Warmaster Okawaru
  3037 | D:4      | Found a runed translucent door.
  3038 | D:4      | Noticed Crazy Yiuf
  3047 | D:4      | Killed Crazy Yiuf
  3154 | D:4      | Found a sacrificial altar of Ru.
  3257 | D:5      | Entered Level 5 of the Dungeon
  3264 | D:5      | You fall into a shaft and drop 2 floors!
  3418 | D:6      | Reached * piety under Okawaru
  3418 | D:6      | Reached XP level 8. HP: 70/70 MP: 7/7
  3445 | D:6      | Reached skill level 7 in Shields
  3690 | D:5      | Found Miczo Coze's Book Shoppe.
  3799 | D:5      | Found a shadowy altar of Dithmenos.
  3824 | D:5      | Found the +2 shield of Resistance {rF+ rC+ MR+}
  3951 | D:5      | Reached ** piety under Okawaru
  4037 | D:5      | Reached skill level 1 in Dodging
  4037 | D:5      | Reached skill level 8 in Shields
  4107 | D:5      | Found a radiant altar of Vehumet.
  4745 | D:6      | Found Dosouh's Distillery.
  4813 | D:6      | Reached XP level 9. HP: 77/78 MP: 8/8
  5139 | D:6      | Reached skill level 1 in Stealth
  5762 | D:7      | Noticed Sigmund
  5767 | D:7      | Killed Sigmund
  5840 | D:8      | Noticed Maurice
  5851 | D:8      | Reached skill level 10 in Maces & Flails
  5864 | D:8      | Killed Maurice
  5864 | D:8      | Reached *** piety under Okawaru
  5864 | D:8      | Reached skill level 1 in Evocations
  5928 | D:8      | Reached skill level 9 in Shields
  5928 | D:8      | Reached skill level 1 in Invocations
  5993 | D:8      | Found a burning altar of Makhleb.
  6082 | D:8      | Found an ancient bone altar of Kikubaaqudgha.
  6440 | D:8      | Noticed Prince Ribbit
  6461 | D:8      | Killed Prince Ribbit
  6461 | D:8      | Reached XP level 10. HP: 80/86 MP: 7/10
  7219 | D:9      | Found a staircase to the Lair.
  7613 | D:9      | Noticed Pikel
  7625 | D:9      | Killed Pikel
  7625 | D:9      | Reached skill level 10 in Shields
  7721 | D:9      | Found an opulent altar of Gozag.
  7804 | D:10     | Entered Level 10 of the Dungeon
  7832 | D:10     | Noticed Josephine
  7857 | D:10     | Reached **** piety under Okawaru
  7857 | D:10     | Received a gift from Okawaru
  7858 | D:10     | Noticed Sonja
  7863 | D:10     | Killed Sonja
  8004 | D:10     | Noticed Harold
  8015 | D:10     | Killed Harold
  8087 | D:10     | Noticed Urug
  8105 | D:10     | Killed Urug
  8105 | D:10     | Reached ***** piety under Okawaru
  8105 | D:10     | Reached XP level 11. HP: 57/95 MP: 10/12
  8344 | D:10     | Killed Josephine
  8344 | D:10     | Reached skill level 11 in Shields
  8697 | Lair:1   | Entered Level 1 of the Lair of Beasts
  8799 | Lair:1   | Received a gift from Okawaru
  8804 | Lair:1   | Got an iridescent arbalest {god gift}
  9778 | Lair:2   | Noticed a death yak
  9780 | Lair:2   | Noticed a death yak
  9780 | Lair:2   | Noticed Fannar
  9817 | Lair:2   | Killed a death yak
  9832 | Lair:2   | Killed a death yak
  9832 | Lair:2   | Reached skill level 12 in Shields
  9872 | Lair:2   | Killed Fannar
 10227 | Lair:2   | Reached XP level 12. HP: 105/105 MP: 14/14
 10477 | Lair:2   | Received a gift from Okawaru
 11244 | Lair:2   | Found a hole to the Spider Nest.
 11248 | Lair:2   | Reached skill level 13 in Shields
 11488 | Lair:3   | You fall into a shaft and drop 3 floors!
 11488 | Lair:6   | Entered Level 6 of the Lair of Beasts
 11578 | Lair:6   | Reached skill level 10 in Fighting
 11703 | Lair:6   | Found a staircase to the Slime Pits.
 11784 | Lair:6   | Noticed a six-headed hydra
 11797 | Lair:6   | Killed a six-headed hydra
 11879 | Lair:6   | Noticed a seven-headed hydra
 11889 | Lair:6   | Killed a seven-headed hydra
 11955 | Lair:6   | Reached skill level 14 in Shields
 11959 | Lair:6   | Received a gift from Okawaru
 12228 | Lair:6   | Noticed a four-headed hydra
 12233 | Lair:6   | Killed a four-headed hydra
 12233 | Lair:6   | Reached XP level 13. HP: 114/114 MP: 12/15
 12508 | Lair:6   | Reached skill level 5 in Dodging
 12508 | Lair:6   | Reached skill level 5 in Invocations
 12611 | Lair:6   | Noticed a fire dragon
 12632 | Lair:6   | Killed a fire dragon
 12799 | Lair:6   | Found a runed translucent door.
 12799 | Lair:6   | Noticed a fire dragon
 12804 | Lair:6   | Reached skill level 10 in Armour
 12826 | Lair:6   | Killed a fire dragon
 13558 | Lair:5   | Reached skill level 15 in Shields
 13835 | Lair:5   | Reached skill level 15 in Maces & Flails
 14284 | Lair:5   | Identified the +2 arbalest of Stickiness {venom, Str+4
                  | Int+4 Dex-2} (Okawaru gifted it to you on level 1 of the
                  | Lair of Beasts)
 14738 | Lair:4   | Found a staircase to the Shoals.
 14796 | Lair:4   | Noticed Snorg
 14806 | Lair:4   | Killed Snorg
 15259 | Lair:4   | Reached XP level 14. HP: 82/125 MP: 9/17
 15713 | Lair:3   | Reached skill level 16 in Shields
 16060 | Lair:3   | Found a runed translucent gate.
 16060 | Lair:3   | Found a runed translucent gate.
 16061 | Lair:3   | Found a runed translucent gate.
 16065 | Lair:3   | Noticed Nebesus's ghost (journeyman GrFi)
 16085 | Lair:3   | Received a gift from Okawaru
 16096 | Lair:3   | Killed Nebesus's ghost
 17002 | D:11     | Found a gate leading to a gauntlet.
 17035 | Gauntlet | Entered a Gauntlet
 17035 | Gauntlet | Found a transporter.
 17046 | Gauntlet | Found a transporter.
 17046 | Gauntlet | Found a transporter.
 17048 | Gauntlet | Found a transporter.
 17075 | Gauntlet | Found a transporter.
 17090 | Gauntlet | Found a transporter.
 17095 | Gauntlet | Found a transporter.
 17110 | Gauntlet | Found a transporter.
 17130 | Gauntlet | Found a transporter.
 17154 | Gauntlet | Found a transporter.
 17160 | Gauntlet | Found a transporter.
 17162 | Gauntlet | Found a transporter.
 17182 | Gauntlet | Found a transporter.
 17182 | Gauntlet | Noticed an entropy weaver
 17210 | Gauntlet | Found a transporter.
 17218 | Gauntlet | Found a transporter.
 17238 | Gauntlet | Found a transporter.
 17243 | Gauntlet | Found a transporter.
 17286 | Gauntlet | Found a transporter.
 17504 | Gauntlet | Reached skill level 5 in Evocations
 17602 | Gauntlet | Identified the +6 plate armour of Recklessness {rElec MP+9
                  | Int-2 SInv}
 17696 | D:11     | Found a staircase to the Orcish Mines.
 17800 | D:11     | Reached skill level 17 in Shields
 19966 | D:12     | Got a translucent rapier
 19979 | D:12     | Identified the +10 rapier of Discretion {freeze, Str+4}
                  | (You found it on level 12 of the Dungeon)
 20210 | D:13     | Reached XP level 15. HP: 134/134 MP: 18/18
 20352 | D:13     | Reached skill level 18 in Shields
 20677 | D:13     | Received a gift from Okawaru
 20838 | D:13     | Found a gate to the Vaults.
 21478 | D:14     | Found a sacrificial altar of Ru.
 21677 | D:14     | Reached skill level 19 in Shields
 21746 | D:14     | Found a large runed translucent door.
 21750 | D:14     | Found a large runed translucent door.
 21769 | D:14     | Found a large runed translucent door.
 21773 | D:14     | Found a large runed translucent door.
 21778 | D:14     | Found a large runed translucent door.
 21778 | D:14     | Found a large runed translucent door.
 21783 | D:14     | Found a large runed translucent door.
 21783 | D:14     | Found a large runed translucent door.
 21895 | D:14     | Identified the amulet of Xom's Bemusement {Acrobat MP-9
                  | Int+3 Dex+7 Stlth+}
 21903 | D:14     | Gained mutation: Your magical capacity is low. (-10% MP) [a
                  | neqoxec]
 21907 | D:14     | Gained mutation: You occasionally shout uncontrollably at
                  | your foes. [a neqoxec]
 22375 | D:14     | Found Kinlan's Book Boutique.
 22509 | D:14     | Reached ****** piety under Okawaru
 22830 | D:15     | Entered Level 15 of the Dungeon
 22920 | D:15     | Received a gift from Okawaru
 23315 | D:15     | Reached XP level 16. HP: 144/144 MP: 18/18
 23346 | D:15     | Found a runed translucent gate.
 23346 | D:15     | Found a runed translucent gate.
 23347 | D:15     | Found a runed translucent gate.
 23347 | D:15     | Noticed Uvinaotu's ghost (journeyman MiFi)
 23349 | D:15     | Found an iron altar of Okawaru.
 23363 | D:15     | Cast into level 2 of the Abyss (merfolk javelineer)
 23420 | D:15     | Escaped the Abyss
 23465 | D:15     | Killed Uvinaotu's ghost
 23488 | D:15     | Reached skill level 20 in Shields
 23855 | D:15     | Got a twisted leather armour
 23862 | D:15     | Identified the +1 leather armour "Tuytir" {rF+} (You found
                  | it on level 15 of the Dungeon)
 23980 | D:15     | Found a staircase to the Depths.
 24359 | Orc:1    | Entered Level 1 of the Orcish Mines
 24528 | Orc:1    | Found a frozen archway.
 24617 | IceCv    | Entered an ice cave
 25187 | IceCv    | Received a gift from Okawaru
 25274 | IceCv    | Identified the Compendium of Snow
 25278 | IceCv    | Identified the Compendium of Fallacy
 25904 | Orc:2    | Entered Level 2 of the Orcish Mines
 25905 | Orc:2    | Noticed Saint Roka
 25937 | Orc:2    | HP: 3/146 [Saint Roka/+1 long sword (20)]
 25941 | Orc:2    | Slain by Saint Roka

Illustrated notes

Levels and vault maps discovered:
D:1:      elethiomel_arrival_infinity_welcomes_careful_drivers, layout_rooms,
          moated_statue
D:2:      layout_rooms, serial_forest, infiniplex_forest_clump_C,
          infiniplex_forest_lined_3, infiniplex_forest_lined_room_2,
          infiniplex_forest_lined_3, infiniplex_forest_clump_small,
          infiniplex_forest_corner_1, infiniplex_forest_lined_2,
          infiniplex_forest_corner_2, hangedman_decor_lopped,
          nicolae_qazlal_style_of_elements
D:3:      layout_loops_corners, lemuel_coloured_pillars_altar,
          nicolae_overflow_hidden_temple, gammafunk_temple_overflow_wave,
          chequers_ecumenical_altar_simple_redux
D:4:      kennysheep_big_flooded_room, layout_cave_pools, kennysheep_mini,
          overflow_temple_1_default, minmay_temple_entry_offerings,
          serial_shops, shop, nicolae_shop_trees, shop, uniq_crazy_yiuf_cottage,
          uniq_menkaure, uniq_eustachio, uniq_edmund
D:5:      layout_loops_corners, vehumet_altar_wand_db, lemuel_crystal_altar,
          serial_shops, shop, first_ration, roderic_serpentine_path
D:6:      minmay_general_purpose_star, layout_loops_ring, serial_shops,
          nicolae_shop_competitors_out_of_business
D:7:      layout_cave_pools, sigmund_army
D:8:      layout_gridville, kennysheep_vampire_church, makhleb_heckhound_becter,
          uniq_maurice, uniq_prince_ribbit1
D:9:      layout_grid_maze, nicolae_gozag_seed_capital,
          erik_lair_orcish_takeover, uniq_pikel
D:10:     layout_cave_pools, uniq_urug, uniq_sonja, uniq_harold, uniq_josephine
D:11:     layout_roguey, david_orc_1_choice, gauntlet_entry_generic,
          hangedman_pestilent_swarm, grunt_ministairs_3
D:12:     layout_stronghold, mrwooster_statue_mirror
D:13:     layout_gridville, lightli_vaults_fourway_checkpoint, serial_undead,
          serial_undead_e, serial_undead_f, serial_undead_f, serial_undead_f,
          serial_undead_a, serial_undead_f, serial_undead_e, serial_undead_c,
          serial_undead_b, serial_undead_c
D:14:     minmay_five_octagons, layout_cave_pools, serial_shops,
          nicolae_shop_statue_plus, hangedman_ru_absence, minivault_25,
          hangedman_devilish_allure
D:15:     gammafunk_enter_depths_forms, layout_cave_pools,
          gammafunk_ghost_fury_of_okawaru
Temple:   eino_wide_crystal_templ
Lair:1:   layout_loops_ring, serial_bayou_shore_b
Lair:2:   beast_lair_carwin_large_2, layout_loops_ring,
          spider_nest_entry_funnel_web, chequers_serial_rivers_small_a,
          uniq_fannar
Lair:3:   layout_regular_city, maelrawn_ghost_gauntlet_escape,
          nicolae_volcano_entry_batcave, beast_lair_carwin_4,
          serial_bayou_shore_b, grunt_megastairs_2
Lair:4:   layout_roguey, elwin_shoals_entry_rooms, special_room
          [special_room_bee], serial_bayou_shore_a, lemuel_fruit_fields,
          uniq_snorg
Lair:5:   layout_regular_city, beast_lair_carwin_6
Lair:6:   guppyfry_lair_end_dragon, layout_cave_shapes, wormcave, slime_dummy,
          serial_bayou_shore_b
Orc:1:    layout_caves, portal_ice_cave_rime
Orc:2:    pf_orc_diabolical, layout_diamond_mine, ebering_ghost_xom,
          serial_shops, shop, uniq_jorgrun, uniq_saint_roka

Skill      XL: |  1  2  3  4  5  6  7  8  9 10 11 12 13 14 15 16 |
---------------+-------------------------------------------------+-----
Armour         | 4 5 6 7 8 9 10 11 12 | 12.1
Shields        | 4 5 6 8 9 10 12 14 15 17 19 20 | 20.4
Fighting       | 4 5 6 7 8 9 10 11 12 13 14 | 14.0
Maces & Flails | 3 4 5 6 7 9 10 12 13 14 15 16 | 16.8
Dodging        | 1 2 3 4 5 6 |  6.7
Stealth        | 1 2 |  2.0
Evocations     | 2 3 4 5 |  5.8
Invocations    | 2 4 5 6 7 |  7.3

Action                   |  1- 3 |  4- 6 |  7- 9 | 10-12 | 13-15 | 16-18 || total
-------------------------+-------+-------+-------+-------+-------+-------++-------
Melee: Flail             |    78 |   137 |   335 |   622 |  1397 |   394 ||  2963
       Headbutt          |    13 |    28 |    59 |   137 |   390 |   133 ||   760
       Mace              |     5 |     7 |       |       |       |       ||    12
Throw: Dart              |       |       |       |     1 |       |       ||     1
Invok: Heroism           |       |       |    19 |    46 |    56 |    10 ||   131
       Finesse           |       |       |       |     2 |     4 |     1 ||     7
Evoke: Wand              |       |       |    31 |    45 |    94 |    14 ||   184
       Phantom mirror    |       |       |       |       |     1 |       ||     1
       Lightning rod     |       |       |       |       |     1 |     1 ||     2
  Use: Scroll            |     2 |     6 |    12 |     6 |    22 |     4 ||    52
       Potion            |       |       |       |       |     1 |     1 ||     2
 Stab: Confused          |       |       |       |     1 |       |       ||     1
       Paralysed         |       |       |       |       |     2 |     1 ||     3
  Eat: Chunk             |       |     4 |    14 |    15 |    26 |     6 ||    65
       Ration            |       |       |       |     1 |     3 |     1 ||     5
Armor: Scale mail        |    32 |       |       |       |       |       ||    32
       Chain mail        |       |    55 |   102 |   155 |   160 |       ||   472
       Plate armour      |       |       |       |       |   187 |    22 ||   209
       Leather armour    |       |       |       |       |       |    29 ||    29
Dodge: Dodged            |    21 |    25 |    65 |   110 |   338 |   130 ||   689
Block: Kite shield       |    50 |   124 |   252 |   520 |  1473 |   384 ||  2803
       Reflection        |       |     1 |    12 |     8 |    57 |       ||    78
